 Dungeon Crawl Stone Soup version 0.26-a0-497-g0187308201 (webtiles) character file.

Game seed: 12549966371550962524

1107 ANON1729 the Skirmisher (level 8, 0/84 HPs)
             Began as an Ogre Hunter on Aug 6, 2020.
             Slain by an orc warrior
             ... wielding a +0 glaive
              (22 damage)
             ... on level 6 of the Dungeon.
             The game lasted 00:06:09 (5388 turns).

ANON1729 the Skirmisher (Ogre Hunter)               Turns: 5388, Time: 00:06:09

Health: 0/84       AC:  4    Str: 19    XL:     8   Next: 33%
Magic:  8/8        EV: 11    Int: 12    God:
Gold:   229        SH:  5    Dex:  9    Spells: 7/7 levels left

rFire    . . .     SeeInvis .   e - +0 dagger (venom)
rCold    . . .     Faith    .   (no shield)
rNeg     . . .     Spirit   .   b - +0 robe
rPois    .         Reflect  +   (helmet restricted)
rElec    .         Harm     .   u - +0 cloak
rCorr    .                      (gloves unavailable)
MR       .....                  (boots unavailable)
Stlth    ++........             h - amulet of reflection
HPRegen  0.24/turn              (no ring)
MPRegen  0.11/turn              (no ring)

@: no status effects
A: large, unfitting armour, tough skin 1
a: no special abilities


You were on level 6 of the Dungeon.
You visited 1 branch of the dungeon, and saw 6 of its levels.

You collected 229 gold pieces.

Inventory:

Hand Weapons
 a - a +0 short sword
 e - a +0 dagger of venom (weapon)
 v - a +2 quarterstaff of chaos
Missiles
 c - 4 large rocks (quivered)
 d - a throwing net
 f - 106 stones
 m - 34 poisoned darts
 D - 29 sling bullets
Armour
 b - a +0 robe (worn)
 u - a +0 cloak (worn)
Jewellery
 h - an amulet of reflection (around neck)
 A - an uncursed amulet of the acrobat {unknown}
 C - an uncursed amulet of the acrobat {unknown}
Wands
 x - a wand of paralysis (11)
Scrolls
 i - 4 scrolls of fog {unknown}
 j - a scroll of enchant armour {unknown}
 l - 3 scrolls of teleportation {unknown}
 p - a scroll of enchant weapon {unknown}
 q - 3 scrolls of identify {unknown}
 r - 4 scrolls of amnesia {unknown}
 w - 2 scrolls of magic mapping {unknown}
 y - a scroll of blinking {unknown}
 z - 4 scrolls of remove curse {unknown}
 B - a scroll of fear {unknown}
Potions
 g - 2 potions of mutation {unknown}
 k - a potion of heal wounds {unknown}
 n - a potion of might {unknown}
 o - a potion of flight {unknown}
 s - 2 potions of curing {unknown}
 t - 2 potions of haste


   Skills:
 + Level 6.7 Fighting
 + Level 6.2 Throwing
 + Level 4.6 Dodging
 + Level 3.8 Stealth


You had 7 spell levels left.
You didn't know any spells.
Your spell library was empty.

Dungeon Overview and Level Annotations

Branches:
Dungeon (6/15)
 Temple: D:4-7

Altars:
Makhleb


Innate Abilities, Weirdness & Mutations

You are too large for most types of armour.
You have tough skin. (AC +1)


Message History

You barely miss the orc warrior. The orc warrior misses you.
You hit the orc warrior.
The orc warrior is lightly wounded.
The orc warrior hits you with a +0 glaive!
You are too injured to fight recklessly!
You hit the orc warrior but do no damage.
The orc warrior looks as sick as possible!
The orc warrior is moderately wounded.
The orc warrior barely misses you.
You closely miss the orc warrior.
The orc warrior is moderately wounded.
You closely miss the orc warrior.
The orc warrior is heavily wounded.
The orc warrior hits you with a +0 glaive!
* * * LOW HITPOINT WARNING * * *
You hit the orc warrior but do no damage.
The orc warrior looks as sick as possible!
The orc warrior is severely wounded.
The orc warrior hits you with a +0 glaive!!
You die...

#.##.#
#.##.#
#[##.#
#.##.#
#....#
#.####
#.#
#.#
#@#
#o#
#.#
#).
..#
###


You could see an orc warrior (extremely poisoned).

Vanquished Creatures
  Sigmund (D:4)
  An ice beast (D:2)
  A black bear (D:5)
  3 ogres
  A scorpion (D:4)
  Crazy Yiuf (D:2)
  A hound (D:4)
  2 orc priests (D:3)
  2 iguanas
  4 worker ants
  A gnoll (D:1)
  3 adders
  2 white imps (D:5)
  2 ufetubi
  2 oozes
  2 adder skeletons (D:4)
  5 worms
  4 leopard geckos
  10 orcs
  2 ball pythons
  7 giant cockroaches
  9 goblins
  5 hobgoblins
  4 jackals
  6 quokkas
  9 bats
  9 frilled lizards
  6 kobolds
  4 rats
109 creatures vanquished.

Notes
Turn   | Place    | Note
-------+----------+-------------------------------------------
     0 | D:1      | ANON1729 the Ogre Hunter began the quest for the Orb.
     0 | D:1      | Reached XP level 1. HP: 22/22 MP: 1/1
    61 | D:1      | Reached skill level 1 in Stealth
    61 | D:1      | Reached XP level 2. HP: 6/31 MP: 2/2
   514 | D:1      | Reached XP level 3. HP: 33/37 MP: 3/3
  1287 | D:2      | Found a runed translucent door.
  1288 | D:2      | Noticed Crazy Yiuf
  1410 | D:2      | Found a faded altar of an unknown god.
  1420 | D:2      | Reached XP level 4. HP: 45/46 MP: 4/4
  1572 | D:2      | Noticed an ice beast
  1841 | D:2      | Killed an ice beast
  1841 | D:2      | Reached XP level 5. HP: 34/54 MP: 5/5
  2298 | D:2      | Killed Crazy Yiuf
  2428 | D:3      | Reached XP level 6. HP: 56/63 MP: 6/6
  2445 | D:3      | Reached skill level 5 in Throwing
  3031 | D:4      | Reached skill level 5 in Fighting
  3433 | D:4      | Reached XP level 7. HP: 64/72 MP: 7/7
  4237 | D:4      | Noticed Sigmund
  4245 | D:4      | Killed Sigmund
  4339 | D:5      | Entered Level 5 of the Dungeon
  4509 | D:5      | Reached XP level 8. HP: 39/83 MP: 8/8
  5325 | D:6      | Found a burning altar of Makhleb.
  5388 | D:6      | Slain by an orc warrior

Illustrated notes

Levels and vault maps discovered:
D:1:      lemuel_arrival_muddy, layout_basic, minmay_pentomino_q2
D:2:      layout_loops_ring, chequers_ecumenical_altar_lobes,
          uniq_crazy_yiuf_cottage
D:3:      layout_rooms
D:4:      layout_loops_ring, minmay_fractal_squares_5, uniq_sigmund
D:5:      black_bear_nest_1, layout_basic, chequers_mini_garden
D:6:      lemuel_ratsnest, layout_loops_ring, basic_altar,
          minmay_misc_feat_tower, grunt_dithmenos_smoke, uniq_edmund

Skill      XL: |  1  2  3  4  5  6  7  8 |
---------------+-------------------------+-----
Fighting       | 3 4 5 6 |  6.7
Dodging        | 2 3 4 |  4.6
Stealth        | 1 2 3 |  3.8
Throwing       | 5 6 |  6.2

Action                   |  1- 3 |  4- 6 |  7- 9 || total
-------------------------+-------+-------+-------++-------
Melee: Short sword       |    13 |       |       ||    13
       Dagger            |   110 |   140 |   155 ||   405
Throw: Large rock        |     1 |     8 |    13 ||    22
       Throwing net      |       |     1 |       ||     1
       Stone             |       |    15 |       ||    15
 Stab: Sleeping          |     3 |     4 |     3 ||    10
       Held in net/web   |       |     1 |       ||     1
Armor: Robe              |    33 |    43 |    36 ||   112
Dodge: Dodged            |    71 |    76 |    66 ||   213
Block: Other             |    13 |    35 |    30 ||    78
       Reflection        |     1 |       |       ||     1

Table legend: (Time is in decaauts)
 A = Elapsed time spent in this place.
 B = Non-inter-level travel time spent in this place.
 C = Inter-level travel time spent in this place.
 D = Time resting spent in this place.
 E = Time spent auto-exploring this place.
 F = Levels seen in this place.
 G = Mean time per level.
                   A        B        C        D        E       F      G
               +--------+--------+--------+--------+--------+-----+--------+
         Total |   5404 |   5193 |    211 |   1521 |   2786 |   6 |  900.7 |
       Dungeon |   5404 |   5193 |    211 |   1521 |   2786 |   6 |  900.7 |
               +--------+--------+--------+--------+--------+-----+--------+

Top non-repeatable levels by time:
     D:1: 1471 daAuts
     D:4: 1319 daAuts
     D:5: 969 daAuts
     D:2: 896 daAuts
     D:3: 666 daAuts
     D:6: 81 daAuts
